 Dungeon Crawl Stone Soup version 0.29-a0-1027-gcd8c55af63 (webtiles) character file.

Game seed: 4457477206223224040

7170 greenreed the Basher (level 10, -3/90 HPs)
             Began as a Minotaur Monk on Aug 12, 2022.
             Was a Believer of Makhleb.
             Slain by a boulder beetle (51 damage)
             ... on level 10 of the Dungeon.
             The game lasted 00:27:39 (13258 turns).

greenreed the Basher (Minotaur Monk)               Turns: 13258, Time: 00:27:40

Health: -3/90      AC: 14    Str: 20    XL:     10   Next: 86%
Magic:  11/11      EV:  8    Int:  7    God:    Makhleb [**....]
Gold:   475        SH:  0    Dex: 13    Spells: 9/9 levels left

rFire   . . .      SeeInvis +   s - +2 morningstar (holy)
rCold   . . .      Faith    +   (no shield)
rNeg    . . .      Spirit   .   r - +0 plate armour
rPois   .          Reflect  .   (helmet restricted)
rElec   .          Harm     .   (no cloak)
rCorr   .          Rampage  .   (no gloves)
Will    .....                   (no boots)
Stlth   ..........              P - amulet of faith
HPRegen 0.25/turn               c - ring of see invisible
MPRegen 0.12/turn               (no ring)

@: no status effects
A: horns 2, retaliatory headbutt
a: Renounce Religion, Minor Destruction


You were on level 10 of the Dungeon.
You worshipped Makhleb.
Makhleb was pleased with you.
You visited 2 branches of the dungeon, and saw 11 of its levels.
You also visited: Sewer.

You collected 475 gold pieces.

Inventory:

Hand Weapons
 a - a +0 mace
 n - a +0 flail
 s - a +2 morningstar of holy wrath (weapon)
Missiles
 i - 11 poisoned darts
 x - 4 throwing nets
 J - 3 curare-tipped darts
Armour
 b - a +0 robe
 l - a +0 chain mail
 r - a +0 plate armour (worn)
Jewellery
 c - a ring of see invisible (left hand)
 h - a ring of wizardry
 p - an amulet of magic regeneration
 H - an amulet of guardian spirit
 P - an amulet of faith (around neck)
Wands
 y - a wand of digging (8)
 D - a wand of polymorph (13)
 G - a wand of flame (9)
 M - a wand of paralysis (24)
 N - a wand of iceblast (7)
Scrolls
 e - 6 scrolls of teleportation
 f - 3 scrolls of enchant weapon {unknown}
 j - 7 scrolls of identify {unknown}
 k - a scroll of summoning {unknown}
 m - 3 scrolls of fear {unknown}
 t - 3 scrolls of poison {unknown}
 u - 2 scrolls of blinking {unknown}
 v - a scroll of silence {unknown}
 C - a scroll of noise {unknown}
 I - 2 scrolls of amnesia {unknown}
 L - a scroll of vulnerability {unknown}
 O - a scroll of immolation {unknown}
 Q - a scroll of fog {unknown}
Potions
 d - a potion of lignification {unknown}
 g - 2 potions of attraction {unknown}
 o - 6 potions of curing {unknown}
 q - 2 potions of resistance {unknown}
 w - 2 potions of cancellation {unknown}
 z - a potion of magic {unknown}
 A - a potion of haste {unknown}
 B - 4 potions of heal wounds {unknown}
 E - 2 potions of ambrosia
 F - 2 potions of mutation {unknown}
 K - a potion of brilliance {unknown}


   Skills:
 + Level 8.6 Fighting
 + Level 13.7 Maces & Flails
 + Level 10.9 Armour
 + Level 4.3 Dodging
 + Level 2.5 Stealth
 * Level 3.8 Invocations


You had 9 spell levels left.
You didn't know any spells.
Your spell library contained the following spells:

 Spells                   Type           Power      Damage    Failure   Level
 Freeze                   Ice            0%         1d3       100%        1
 Magic Dart               Conj           0%         1d3       100%        1
 Necrotise                Necr           0%         1d4       100%        1
 Call Imp                 Summ           0%         N/A       100%        2
 Frozen Ramparts          Ice            0%         1d1       100%        3
 Mephitic Cloud           Conj/Pois/Air  0%         N/A       100%        3
 Stone Arrow              Conj/Erth      0%         3d7       100%        3
 Vampiric Draining        Necr           0%         2d6       100%        3
 Animate Armour           Summ/Erth      0%         N/A       100%        4
 Corpse Rot               Necr/Pois/Air  0%         N/A       100%        4
 Dispel Undead            Necr           0%         3d6       100%        4
 Hailstorm                Conj/Ice       0%         3d3       100%        4
 Agony                    Necr           0%         N/A       100%        5
 Death Channel            Necr           0%         N/A       100%        6
 Dispersal                Tloc           0%         N/A       100%        6
 Disjunction              Tloc           0%         N/A       100%        8
 Lehudib's Crystal Spear  Conj/Erth      0%         10d2      100%        8


Dungeon Overview and Level Annotations

Branches:
Dungeon (10/15)            Temple (1/1) D:7           Sewer (visited)
   Lair: D:8-11         Orc: D:9-12

Altars:
Ashenzari
Cheibriados
Dithmenos
Elyvilon
Fedhas
Gozag
Hepliaklqana
Kikubaaqudgha
Makhleb
Nemelex Xobeh
Okawaru
Qazlal
Ru
Sif Muna
Trog
Uskayaw
Vehumet
Wu Jian
Xom
Yredelemnul
Zin
The Shining One


Innate Abilities, Weirdness & Mutations

You have a pair of horns on your head.
You reflexively headbutt those who attack you in melee.


Message History

Attack!
The komodo dragon barely misses you.
Found a metallic grey potion.
The komodo dragon bites you but does no damage.
Your hellwing hits the komodo dragon.
Your hellwing hits the komodo dragon but does no damage.
The komodo dragon bites your hellwing!
Your hellwing barely misses the komodo dragon.
Your hellwing hits the komodo dragon but does no damage.
The komodo dragon hisses menacingly.
The komodo dragon bites your hellwing but does no damage.
Your hellwing hits the komodo dragon. x2
Your hellwing hits the komodo dragon.
Your hellwing hits the komodo dragon but does no damage.
The komodo dragon bites your hellwing!!
Your hellwing hits the komodo dragon!
Your hellwing hits the komodo dragon but does no damage.
The komodo dragon bites your hellwing!
Your hellwing barely misses the komodo dragon.
Your hellwing closely misses the komodo dragon.
The komodo dragon closely misses your hellwing.
Your hellwing hits the komodo dragon.
The komodo dragon dies!
Makhleb accepts your kill.
You start resting.
A boulder beetle is nearby!
Your hellwing swoops through the air toward the boulder beetle!
Something hits the boulder beetle but does no damage. x2
You start resting.
A boulder beetle is nearby!
The boulder beetle curls into a ball and begins rolling!
A demon appears!
It doesn't seem very happy.
You can no longer summon a lesser servant of Makhleb.
The hellwing hits you but does no damage. x2
The hellwing barely misses you. You furiously retaliate!
You headbutt the hellwing, but do no damage.
The hellwing barely misses you.
The boulder beetle attacks as you move away!
The boulder beetle hits you!!!
Ouch! That really hurt!
You die...

#.......# #...# #..#..[...
#.......# #...# #..#......
#..B....# #...# #..#......
#.......# #...# #..#......
#.......# #...# #..#......
#.......# #...# #..#......
#.......# #...# #..#......
#.......# #...# #..#......
!........#####@..#####..#..>...
............°°B4................
#################################


You could see a boulder beetle (rolling) and a hellwing (summoned).

Vanquished Creatures
  Maggie (D:8)
  A troll (D:9)
  Sigmund (D:3)
  A shadow (D:10)
  A wraith (D:10)
  11 yaks
  Grum (D:8)
  A steam dragon (D:8)
  Duvessa (D:6)
  2 orc warriors
  2 water moccasins
  2 black bears (D:5)
  A sky beast (D:6)
  3 ogres
  4 wolves
  2 centaurs (D:9)
  4 kobold brigands
  Blork the orc (D:6)
  5 bullfrogs
  A gnoll sergeant (D:9)
  2 necrophages
  An elf skeleton (D:4)
  2 scorpions
  3 wights (D:9)
  Dowan (D:6)
  7 electric eels (D:8)
  2 howler monkeys (D:7)
  3 jellies
  3 hounds
  A gnoll bouda (D:5)
  Crazy Yiuf (D:5)
  4 orc priests (D:8)
  2 iguanas
  A human skeleton (D:4)
  5 orc wizards
  A hell rat (Sewer)
  18 gnolls
  5 adders
  2 river rats (Sewer)
  4 white imps
  3 ufetubi
  2 worms
  2 dart slugs
  45 orcs
  6 bats
  13 endoplasms
  2 giant cockroaches
  13 goblins
  8 hobgoblins
  35 kobolds
  4 quokkas
  5 ball pythons
  11 frilled lizards (D:2)
  2 orc skeletons (D:4)
  2 orc zombies (D:4)
  6 rats
273 creatures vanquished.

Vanquished Creatures (collateral kills)
  A komodo dragon (D:10)
1 creature vanquished.

Vanquished Creatures (others)
  6 fungi (D:3)
  10 plants (D:8)
  7 toadstools (D:3)
23 creatures vanquished.

Grand Total: 297 creatures vanquished

Notes
Turn   | Place    | Note
-------+----------+-------------------------------------------
     0 | D:1      | greenreed the Minotaur Monk began the quest for the Orb.
     0 | D:1      | Reached XP level 1. HP: 19/19 MP: 0/0
   423 | D:1      | Reached XP level 2. HP: 27/27 MP: 1/1
   462 | D:1      | Reached skill level 4 in Maces & Flails
   685 | D:1      | Found a faded altar of an unknown god.
  1064 | D:2      | Reached XP level 3. HP: 7/33 MP: 2/2
  2023 | D:3      | Reached XP level 4. HP: 37/41 MP: 3/3
  2481 | D:3      | Reached skill level 5 in Maces & Flails
  2481 | D:3      | Reached XP level 5. HP: 41/47 MP: 4/4
  2491 | D:3      | Reached skill level 1 in Armour
  2496 | D:3      | HP: 2/47 [acid (8)]
  3199 | D:3      | Noticed Sigmund
  3207 | D:3      | Found a snail-covered altar of Cheibriados.
  3220 | D:3      | Killed Sigmund
  3221 | D:3      | Reached skill level 5 in Fighting
  3221 | D:3      | Reached skill level 6 in Maces & Flails
  3221 | D:3      | Reached XP level 6. HP: 53/56 MP: 5/5
  3678 | D:4      | Reached skill level 7 in Maces & Flails
  4103 | D:4      | Reached XP level 7. HP: 59/61 MP: 6/6
  4885 | D:5      | Entered Level 5 of the Dungeon
  5088 | D:5      | Reached skill level 8 in Maces & Flails
  5101 | D:5      | Found a runed translucent door.
  5102 | D:5      | Noticed Crazy Yiuf
  5248 | D:5      | Found a glowing drain.
  5337 | Sewer    | Entered a sewer
  5594 | Sewer    | Reached XP level 8. HP: 57/70 MP: 7/7
  5987 | D:5      | Reached skill level 5 in Armour
  6173 | D:5      | Reached skill level 9 in Maces & Flails
  6367 | D:5      | Found a shadowy altar of Dithmenos.
  6667 | D:5      | Killed Crazy Yiuf
  7133 | D:6      | Reached skill level 10 in Maces & Flails
  7530 | D:6      | Noticed Blork the orc
  7538 | D:6      | Killed Blork the orc
  7539 | D:6      | Reached XP level 9. HP: 63/79 MP: 8/8
  7719 | D:7      | Noticed Duvessa
  7719 | D:7      | Noticed Dowan
  7736 | D:6      | Killed Duvessa
  7737 | D:6      | Killed Dowan
  7959 | D:7      | Reached skill level 11 in Maces & Flails
  7976 | D:7      | Found a shimmering blue altar of Sif Muna.
  8080 | D:7      | Found a staircase to the Ecumenical Temple.
  8089 | Temple   | Entered the Ecumenical Temple
  8857 | D:8      | Noticed Grum
  8937 | D:8      | Reached skill level 12 in Maces & Flails
  8956 | D:8      | Killed Grum
  9218 | D:8      | Noticed Maggie
  9232 | D:8      | Killed Maggie
 10019 | D:8      | Reached XP level 10. HP: 76/88 MP: 7/9
 11314 | D:9      | Found a stormy altar of Qazlal.
 11316 | D:9      | Found a burning altar of Makhleb.
 11323 | D:9      | Found a glowing silver altar of Zin.
 11325 | D:9      | Became a worshipper of Makhleb the Destroyer
 11325 | D:9      | Reached * piety under Makhleb
 11325 | D:9      | Reached ** piety under Makhleb
 11328 | D:9      | Found an ornate altar of the Wu Jian Council.
 11330 | D:9      | Found a basalt altar of Yredelemnul.
 11333 | D:9      | Reached skill level 13 in Maces & Flails
 11338 | D:9      | Found an ancient bone altar of Kikubaaqudgha.
 11339 | D:9      | Found a sparkling altar of Nemelex Xobeh.
 11681 | D:9      | Reached skill level 10 in Armour
 12368 | D:10     | Entered Level 10 of the Dungeon
 12655 | D:10     | Reached *** piety under Makhleb
 12656 | D:10     | Reached skill level 1 in Invocations
 12851 | D:10     | Noticed an orc knight
 12851 | D:10     | Noticed a boulder beetle
 13258 | D:10     | Slain by a boulder beetle

Illustrated notes

Levels and vault maps discovered:
D:1:      erik_arrival_blinker_ship, layout_loops_ring,
          shapermc_ecumenical_altar_hornbeckon
D:2:      layout_loops_ring, minmay_lizard_pond
D:3:      cheibrodos_fertilizer, layout_loops_ring, cheibrodos_worm_habitat,
          minmay_misc_feat_diagonals, uniq_sigmund
D:4:      layout_basic, nicolae_ossuary_entry_catacombs, chequers_mini_garden
D:5:      black_bear_nest_1, layout_basic, grunt_dithmenos_smoke_and_mirrors,
          portal_sewer_entry_a, uniq_crazy_yiuf_cottage
D:6:      layout_loops_ring, uniq_blork_the_orc
D:7:      layout_rooms, led_sif_pool, minmay_temple_entry_trees,
          serial_aquarium, aquarium_bridge_long_joined
          [aquarium_subvault_bridge, aquarium_subvault_balcony,
          aquarium_subvault_bridge, aquarium_subvault_bridge,
          aquarium_subvault_window, aquarium_subvault_bridge],
          aquarium_bridge_square [aquarium_subvault_bridge,
          aquarium_subvault_window, aquarium_subvault_balcony,
          aquarium_subvault_bridge], aquarium_window_2, aquarium_window_fake,
          aquarium_view_2e, aquarium_view_2d, uniq_duvessa
D:8:      wad_lake_hut, layout_rooms, uniq_grum, uniq_maggie
D:9:      layout_roguey, nicolae_overflow_hallway_of_the_gods
D:10:     layout_long_grid, minmay_bent
Temple:   hellmonk_temple_flake

Skill      XL: |  1  2  3  4  5  6  7  8  9 10 |
---------------+-------------------------------+-----
Maces & Flails | 4 5 6 7 8 10 12 13 | 13.7
Fighting       | 4 5 6 7 8 |  8.6
Stealth        | 2 |  2.5
Dodging        | 4 |  4.3
Armour         | 2 3 4 6 8 10 | 10.9
Invocations    | 3 |  3.8

Action                   |  1- 3 |  4- 6 |  7- 9 | 10-12 || total
-------------------------+-------+-------+-------+-------++-------
Melee: Mace              |    66 |       |       |       ||    66
       Headbutt          |    11 |    22 |    67 |    19 ||   119
       Flail             |    11 |    34 |       |       ||    45
       Punch             |     1 |     2 |     5 |     3 ||    11
       Morningstar       |       |   101 |   333 |   147 ||   581
Invok: Minor Destruction |       |       |       |    30 ||    30
       Lesser Servant of |       |       |       |     2 ||     2
  Use: Potion            |     1 |       |       |       ||     1
       Scroll            |       |     1 |       |       ||     1
 Stab: Sleeping          |     4 |       |       |       ||     4
Armor: Robe              |    18 |       |       |       ||    18
       Plate armour      |     4 |    62 |   189 |    88 ||   343
       Skin              |       |       |     3 |       ||     3
Dodge: Dodged            |    62 |    37 |   127 |    78 ||   304

Table legend: (Time is in decaauts)
 A = Elapsed time spent in this place.
 B = Non-inter-level travel time spent in this place.
 C = Inter-level travel time spent in this place.
 D = Time resting spent in this place.
 E = Time spent auto-exploring this place.
 F = Levels seen in this place.
 G = Mean time per level.
                   A        B        C        D        E       F      G
               +--------+--------+--------+--------+--------+-----+--------+
         Total |  13377 |  12737 |    640 |   2531 |   7875 |  12 | 1114.8 |
       Dungeon |  12703 |  12063 |    640 |   2317 |   7502 |  10 | 1270.3 |
        Temple |    152 |    152 |      0 |      0 |    130 |   1 |  152.0 |
         Sewer |    520 |    520 |      0 |    214 |    243 |   1 |  520.0 |
               +--------+--------+--------+--------+--------+-----+--------+

Top non-repeatable levels by time:
     D:8: 2173 daAuts
     D:3: 1608 daAuts
     D:4: 1414 daAuts
     D:9: 1331 daAuts
     D:5: 1326 daAuts
     D:6: 1132 daAuts
     D:7: 1061 daAuts
     D:1: 1041 daAuts
     D:2: 882 daAuts
    D:10: 732 daAuts
   Sewer: 520 daAuts
  Temple: 152 daAuts
